 Dungeon Crawl Stone Soup version 0.20.0-6-gd3061e9 (webtiles) character file.

77 inmateoo the Insei (level 3, 0/27 HPs)
             Began as a Demigod Transmuter on May 28, 2017.
             Succumbed to an adder's poison
             ... on level 2 of the Dungeon.
             The game lasted 00:03:14 (1722 turns).

inmateoo the Insei (Demigod Transmuter)             Turns: 1722, Time: 00:03:15

Health: 0/27       AC:  5    Str: 15    XL:     3   Next: 91%
Magic:  8/8        EV: 18    Int: 17    God:
Gold:   91         SH:  0    Dex: 23    Spells: 2/5 levels left

rFire    . . .     SeeInvis .     - Unarmed
rCold    . . .     Gourm    .   (no shield)
rNeg     . . .     Faith    .   b - +0 robe
rPois    .         Spirit   .   (no helmet)
rElec    .         Reflect  .   (no cloak)
rCorr    .         Harm     .   (no gloves)
MR       .....                  (no boots)
Stlth    +++.......             (no amulet)
Regen    0.1/turn               (no ring)
MPRegen  0.2/turn               (no ring)

@: agile, lethally poisoned (0 -> -7), appendage (expiring), hasted, very quick
A: horns 2, slimy green scales 1, thin skeletal structure 1, high mp 1, shaggy
fur 1
a: End Transformation


You were on level 2 of the Dungeon.
You were not hungry.
You had grown temporary horns.
You visited 1 branch of the dungeon, and saw 2 of its levels.

You collected 91 gold pieces.

Inventory:

Hand Weapons
 e - a +0 spear
Missiles
 a - 26 arrows
Armour
 b - a +0 robe (worn)
Wands
 k - a wand of acid (4/15)
Scrolls
 f - a scroll of remove curse
Potions
 g - a potion of haste
 j - a potion of mutation
Books
 c - a book of Changes

   Spells                             Type                      Level
   a - Beastly Appendage              Transmutation                1
   b - Sticks to Snakes               Transmutation                2
   c - Spider Form                    Transmutation/Poison         3
   d - Ice Form                       Ice/Transmutation            4
   e - Blade Hands                    Transmutation                5
Comestibles
 d - 3 bread rations
 n - a royal jelly
 o - 2 chunks of flesh


   Skills:
 - Level 0.8 Fighting
 - Level 1.7 Dodging
 + Level 4.5 Unarmed Combat
 - Level 1.7 Spellcasting
 - Level 1.7 Transmutations


You had 2 spell levels left.
You knew the following spells:

 Your Spells              Type           Power        Failure   Level  Hunger
a - Beastly Appendage     Tmut           #.....       10%         1    #......
b - Sticks to Snakes      Tmut           #.......     14%         2    ###....


Dungeon Overview and Level Annotations

Branches:
Dungeon (2/15)


Innate Abilities, Weirdness & Mutations

You have an increased reservoir of magic. (+10% MP)
You have a pair of horns on your head.
You are partially covered in slimy green scales. (AC +2)
You have a somewhat thin skeletal structure. (Dex +2, Stealth)
You are covered in fur. (AC +1)


Message History

The adder closely misses you.
It was a potion of mutation.
You feel extremely strange.
Slimy green scales grow over part of your body.
Your bones become slightly less dense.
Fur sprouts all over your body.
Your transformation is almost over.
The adder bites you.
* * * LOW HITPOINT WARNING * * *
You are more poisoned.
The adder poisons you!
It was a potion of agility.
You feel agile all of a sudden.
* * * LOW HITPOINT WARNING * * *
You feel sick. The adder closely misses you.
Unknown command.
You hit the adder. You headbutt the adder!
The adder is almost dead.
The adder closely misses you.
You hit the adder.
You kill the adder!
You die...

...##.........#..#*.#,.,,,,*
#..##..>##.##.#..#*.#**#****
.......###..........#
#..###.# ####.......* #..#
#.# #.##.##.# ...# #.#
#.##.#*.# ..##*#.#**
##.##.##.# #.#*,...,*
#......#.# #.#*,...,*
#....@.†.# #.#*,...,*
#.###..### #.#*.....*
*,*#...# #.#*,,,,,* #,*#.#.#
..#******* #.##.#.# ###
#..)...# ## ####.###
.########## #.# ..##......#
#.#


There were no monsters in sight!

Vanquished Creatures
  3 adders (D:2)
  2 worms (D:2)
  2 dart slugs (D:2)
  2 leopard geckos
  3 bats
  2 giant cockroaches (D:1)
  8 goblins
  A hobgoblin (D:2)
  3 jackals (D:1)
  2 quokkas (D:2)
  5 frilled lizards
  2 kobolds
  5 rats
40 creatures vanquished.

Notes
Turn   | Place    | Note
-------+----------+-------------------------------------------
     0 | D:1      | inmateoo the Demigod Transmuter began the quest for the Orb.
     0 | D:1      | Reached XP level 1. HP: 15/15 MP: 5/5
    99 | D:1      | Reached skill level 3 in Unarmed Combat
   215 | D:1      | Reached XP level 2. HP: 2/22 MP: 4/7
   227 | D:1      | Learned a level 2 spell: Sticks to Snakes
  1293 | D:2      | Reached XP level 3. HP: 23/27 MP: 8/8
  1448 | D:2      | Reached skill level 4 in Unarmed Combat
  1718 | D:2      | Gained mutation: You are partially covered in slimy green scales. (AC +2) [potion of mutation]
  1718 | D:2      | Gained mutation: You have a somewhat thin skeletal structure. (Dex +2, Stealth) [potion of mutation]
  1718 | D:2      | Gained mutation: You are covered in fur. (AC +1) [potion of mutation]
  1719 | D:2      | HP: 1/27 [poisoned by an adder]
  1722 | D:2      | Succumbed to an adder's poison

Skill      XL: |  1  2  3 |
---------------+----------+-----
Unarmed Combat | 3 4 |  4.5
Fighting       | |  0.8
Dodging        | |  1.7
Spellcasting   | |  1.7
Transmutations | |  1.7

Action                   || total
-------------------------++-------
Melee: Unarmed           ||   158
       Kick              ||     7
       Headbutt          ||    10
       Punch             ||     3
 Cast: Beastly Appendage ||    11
       Sticks to Snakes  ||     1
  Use: Scroll            ||     3
       Potion            ||     3
  Eat: Chunk             ||     3
Armor: Robe              ||    23
Dodge: Dodged            ||    89
